 Dungeon Crawl Stone Soup version 0.17.1-3-g152610e (webtiles) character file.

351 Gargoyl the Covered (level 6, -4/48 HPs)
             Began as a Demonspawn Abyssal Knight on Mar 21, 2016.
             Was a Priest of Lugonu.
             Killed by nerve-wracking pain
             ... invoked by an orc priest
              (9 damage)
             ... on level 4 of the Dungeon.
             The game lasted 00:10:20 (3373 turns).

Gargoyl the Covered (Demonspawn Abyssal Knight)     Turns: 3373, Time: 00:10:20

Health: -4/48      AC: 17    Str: 14    XL:     6   Next: 34%
Magic:  8/8        EV:  4    Int: 13    God:    Lugonu [***...]
Gold:   251        SH:  0    Dex: 12    Spells: 0 memorised, 5 levels left

rFire  . . .     SeeInvis +     a - +1 hand axe
rCold  . . .     Clarity  .     u - +0 plate armour
rNeg   + . .     SustAt   .     (no shield)
rPois  .         Gourm    .     (no helmet)
rElec  .         Spirit   .     (no cloak)
rCorr  .         Warding  .     (no gloves)
rMut   .         Stasis   .     C - +0 pair of boots
MR     .....                    i - amulet of rage
Stlth  ..........               t - ring of positive energy
                                s - ring of see invisible

@: not resistant to hostile enchantments, extremely unstealthy
A: claws 1, rough black scales 1, demonic guardian 1, powered by death 1
a: Depart the Abyss, Bend Space, Banish, Renounce Religion, Evoke Berserk Rage


You were on level 4 of the Dungeon.
You worshipped Lugonu.
Lugonu was most pleased with you.
You were not hungry.

You visited 1 branch of the dungeon, and saw 4 of its levels.
You visited the Abyss 1 time.

You collected 251 gold pieces.

Inventory:

Hand Weapons
 a - a +1 hand axe (weapon)
 p - a +0 war axe
 B - a +1 flail of protection
Missiles
 g - 4 poisoned tomahawks (quivered)
Armour
 u - a +0 plate armour (worn)
 C - a +0 pair of boots (worn)
Jewellery
 i - an amulet of rage (around neck)
 k - an uncursed amulet of resist mutation {unknown}
 s - a ring of see invisible (left claw)
 t - a ring of positive energy (right claw)
Wands
 x - a wand of confusion (10)
 y - a wand of confusion (48)
Scrolls
 e - 7 scrolls of identify
 m - a scroll of remove curse
 o - a scroll of amnesia
Potions
 f - a potion of invisibility
 j - a potion of resistance {unknown}
 n - 2 potions of curing
 q - a potion of ambrosia {unknown}
 r - a potion of lignification {unknown}
 w - a potion of brilliance {unknown}
 z - a potion of flight {unknown}
 A - a potion of degeneration {unknown}
Comestibles
 b - 2 beef jerkies
 c - 3 bread rations
 d - 3 meat rations
 h - 2 slices of pizza
 v - 3 chunks of flesh


   Skills:
 + Level 4.1 Fighting
 + Level 2.8 Axes
 * Level 4.4 Armour
 + Level 2.1 Dodging
 + Level 0.2 Stealth
 + Level 2.8 Invocations


You had 5 spell levels left.
You didn't know any spells.

Dungeon Overview and Level Annotations

Branches:
Dungeon (4/15)
 Temple: D:4-7

Altars:
Makhleb
Yredelemnul
Zin


Innate Abilities, Weirdness & Mutations

You have sharp fingernails.
You are partially covered in rough black scales (AC +4, Dex -1).
A weak demonic guardian rushes to your aid.
You regenerate a little health from kills.


Message History

Your plate armour prevents you from hitting the orc priest.
The orc priest hits you but does no damage.
Unknown command.
Drink which item? (? for menu, Esc to quit)
You feel better.
The orc priest invokes the aid of Beogh against you.
Something smites you!
You closely miss the orc priest.
The orc priest hits you but does no damage.
Unknown command.
You hit the orc priest but do no damage.
You hit the orc priest.
The orc priest is moderately wounded.
The orc priest calls down the wrath of Beogh upon you.
Something smites you!
* * * LOW HITPOINT WARNING * * *
The orc priest casts a cantrip, but nothing happens.
The orc priest invokes the aid of Beogh against you.
Pain shoots through your body!
You die...

...# #..# ... #.$#
###.. #..# .... #
#..# . ## ##.# .#
#..##..o. ##.##.#
#....# ......# #
#.##.# .. ##..#.#
#...#####o##.# #..
#..# #...oo@)##.#
..# #†.#
#...#####5##.##
..# #..# #
#..##..# .. #..#
###.>### .# ##..#
#.)#######.#####
....#
#..##)).).........
###.# ...#.
#.#..<...#####
###.# ##### ##
#)#.#####....
....# ##...##
#.#.# .###


You could see 2 orc priests, an orc and a friendly ufetubus.

Vanquished Creatures
  An orc priest (D:4)
  3 orc wizards (D:4)
  A giant frog skeleton (D:4)
  Natasha (D:2)
  6 adders
  2 oozes
  4 worms
  4 giant geckos
  15 orcs
  A giant cockroach (D:1)
  6 goblins
  6 hobgoblins
  6 jackals
  9 kobolds
  3 quokkas
  A ball python (D:2)
  8 bats
  4 giant newts
  6 rats
87 creatures vanquished.

Vanquished Creatures (collateral kills)
  2 orc wizards (D:4)
  Natasha (twice) (D:2)
  A hobgoblin (D:2)
5 creatures vanquished.

Grand Total: 92 creatures vanquished

Notes
Turn   | Place    | Note
--------------------------------------------------------------
     0 | Abyss:1  | Gargoyl the Demonspawn Abyssal Knight began the quest for the Orb.
     0 | Abyss:1  | Reached XP level 1. HP: 18/18 MP: 2/2
    74 | Abyss:1  | Noticed a neqoxec
   106 | Abyss:2  | Noticed a quasit
   130 | D:1      | Escaped the Abyss
   266 | D:1      | Reached skill level 1 in Dodging
   341 | D:1      | Reached * piety under Lugonu
   458 | D:1      | Gained mutation: A weak demonic guardian rushes to your aid. [demonic ancestry]
   458 | D:1      | Reached XP level 2. HP: 14/24 MP: 3/3
  1055 | D:2      | Noticed Natasha
  1064 | D:2      | Killed Natasha
  1064 | D:2      | Gained mutation: You have sharp fingernails. [demonic ancestry]
  1064 | D:2      | Reached XP level 3. HP: 29/29 MP: 3/5
  1559 | D:2      | Noticed Natasha
  1565 | D:2      | Killed Natasha
  1565 | D:2      | Gained mutation: You regenerate a little health from kills. [demonic ancestry]
  1565 | D:2      | Reached XP level 4. HP: 33/35 MP: 6/6
  1748 | D:2      | Found a basalt altar of Yredelemnul.
  1751 | D:2      | Reached ** piety under Lugonu
  1929 | D:2      | Noticed Natasha
  1935 | D:2      | Killed Natasha
  2522 | D:3      | Gained mutation: You are partially covered in rough black scales (AC +4, Dex -1). [demonic ancestry]
  2522 | D:3      | Reached XP level 5. HP: 42/42 MP: 7/7
  2559 | D:3      | Found a glowing silver altar of Zin.
  2561 | D:3      | Found a burning altar of Makhleb.
  2563 | D:3      | Noticed an angel
  2564 | D:3      | Noticed a blizzard demon
  3185 | D:4      | Reached *** piety under Lugonu
  3256 | D:4      | Reached skill level 4 in Fighting
  3270 | D:4      | Reached XP level 6. HP: 48/48 MP: 8/8
  3373 | D:4      | Killed from afar by an orc priest

Action                   |  1- 3 |  4- 6 || total
-------------------------+-------+-------++-------
Melee: Hand axe          |    94 |   350 ||   444
Invok: Depart the Abyss  |     1 |       ||     1
  Use: Scroll            |       |     8 ||     8
       Potion            |       |     2 ||     2
  Eat: Bread ration      |     1 |     1 ||     2
       Chunk             |       |     1 ||     1
